 Dungeon Sprint DCSS version 0.30-a0-140-gd1020e658a (webtiles) character file.

Game seed: 17473117253331994323

651 mhtbhm the Geomancer (level 7, -4/37 HPs)
             Began as a Gargoyle Earth Elementalist on Sept 24, 2022.
             Was a Follower of Vehumet.
             Slain by a vampire (8 damage)
             ... in the Dungeon (Sprint IX: "|||||||||||||||||||||||||||||").
             The game lasted 00:02:06 (766 turns).

mhtbhm the Geomancer (Gargoyle Earth Elementalist)   Turns: 766, Time: 00:02:07

Health: -4/37      AC:  9    Str: 15    XL:     7   Next: 53%
Magic:  2/19       EV: 13    Int: 17    God:    Vehumet [*.....]
Gold:   0          SH:  0    Dex: 10    Spells: 14/24 levels left

rFire   . . .      SeeInvis .    j - +2 morningstar (protect)
rCold   . . .      Faith    .    (no shield)
rNeg    + . .      Spirit   .    a - +0 robe
rPois   ∞          Reflect  .    (no helmet)
rElec   +          Harm     .    (no cloak)
rCorr   .          Rampage  .    k - +0 pair of gloves
Will    .....      NoTele   +    (no boots)
Stlth   +.........               (no amulet)
HPRegen 0.12/turn                l - +2 ring of protection
MPRegen 0.16/turn                m - +3 ring of strength

@: confused
A: sickness immunity, AC +4, negative energy resistance 1, electricity
resistance, torment resistance 1, petrification resistance
a: Renounce Religion


You were in the Dungeon.
You worshipped Vehumet.
Vehumet was aware of your devotion.
You visited 1 branch

Inventory:

Hand Weapons
 j - a +2 morningstar of protection (weapon)
Armour
 a - a +0 robe (worn)
 k - a +0 pair of gloves (worn)
Jewellery
 l - a +2 ring of protection (left hand)
 m - a +3 ring of strength (right hand)
Wands
 i - a wand of iceblast (10)
Scrolls
 g - a scroll of blinking
 h - 2 scrolls of amnesia
Potions
 b - 2 potions of magic
 c - 3 potions of curing
 d - 2 potions of heal wounds
 e - a potion of invisibility
 f - a potion of berserk rage


   Skills:
 + Level 0.4 Fighting
 + Level 4.1 Dodging
 + Level 4.5 Stealth
 + Level 9.3 Spellcasting
 + Level 1.5 Conjurations
 + Level 1.1 Transmutations
 + Level 13.3 Earth Magic


You had 14 spell levels left.
You knew the following spells:

 Your Spells              Type           Power      Damage    Failure   Level
a - Sandblast             Erth           100%       2d20      1%          1
b - Passwall              Tmut/Erth      26%        N/A       1%          2
c - Stone Arrow           Conj/Erth      66%        3d11      1%          3
d - Petrify               Tmut/Erth      32%        N/A       4%          4

Your spell library contained the following spells:

 Spells                   Type           Power      Damage    Failure   Level
 Shock                    Conj/Air       40%        1d5       7%          1


Dungeon Overview and Level Annotations

Branches:
Dungeon (1/1)

Altars:
Cheibriados
Dithmenos
Elyvilon
Fedhas
Gozag
Hepliaklqana
Kikubaaqudgha
Makhleb
Nemelex Xobeh
Okawaru
Qazlal
Ru
Sif Muna
Trog
Uskayaw
Vehumet
Wu Jian
Xom
Yredelemnul
Zin
The Shining One
Jiyva
Lugonu


Innate Abilities, Weirdness & Mutations

You are immune to sickness and miasma.
Your stone body is resilient. (AC +4)
You are immune to poison.
You resist negative energy. (rN+)
You are resistant to electric shocks. (rElec)
You are resistant to unholy torment.
You are immune to petrification.


Message History

The vampire flickers and vanishes!
Deactivating autopickup; reactivate with Ctrl-A.
Casting: Stone Arrow (safe; 1% risk of failure)
Confirm with . or Enter, or press ? or * to list all spells.
Aiming: Stone Arrow (safe; 1% risk of failure)
Press: ? - help, Shift-Dir - straight line, f/p - wyvern
Aim: a wyvern (moderately wounded, 71% to hit)
The stone arrow hits the wyvern!
The wyvern is severely wounded.
The wyvern completely misses you. The wyvern bites you!
Unknown command.
Press < or > to pray at altars.
Casting: Stone Arrow (safe; 1% risk of failure)
Confirm with . or Enter, or press ? or * to list all spells.
You don't know that spell.
Okay, then.
Casting: Stone Arrow (safe; 1% risk of failure)
Confirm with . or Enter, or press ? or * to list all spells.
Aiming: Sandblast (safe; 1% risk of failure)
Press: ? - help, Shift-Dir - straight line, f/p - wyvern
Aim: a wyvern (severely wounded, 85% to hit)
The blast of sand hits the wyvern!
You kill the wyvern!
Vehumet accepts your kill.
Your Dodging skill increases to level 4!
Your Spellcasting skill increases to level 9!
Your Conjurations skill increases to level 1!
Your Earth Magic skill increases to level 13!
Unknown command.
Press < or > to pray at altars.
You start resting.
Something hits you. Something bites you!
* * * LOW HITPOINT WARNING * * *
You start resting.
You hear some strange, mumbled words.
You are confused.
You start resting.
Something hits you.
* * * LOW HITPOINT WARNING * * *
Something bites you!
You die... ▓▓▓▓▓▓▓▓▓▓▓▓▓▓▓▓▓▓▓▓▓▓▓▓▓▓▓▓▓▓▓▓▓ .....'__________@_____________'.. ▓▓▓▓▓▓▓▓▓▓▓▓▓▓▓▓▓▓▓▓▓▓▓▓▓▓▓▓▓▓▓▓▓

There were no monsters in sight!

Vanquished Creatures
  A vampire (D)
  2 wyverns (D)
  An ogre (D)
  A jelly (D)
  2 iguanas (D)
  An orc wizard (D)
  An adder (D)
  A bat (D)
  A hobgoblin (D)
  A kobold (D)
  2 rats (D)
14 creatures vanquished.

Notes
Turn   | Place    | Note
-------+----------+-------------------------------------------
     0 | D        | mhtbhm the Gargoyle Earth Elementalist began the quest for
                  | the Orb.
     0 | D        | Reached XP level 1. HP: 10/10 MP: 3/3
     4 | D        | Banished a spatial maelstrom
     6 | D        | Reached skill level 4 in Earth Magic
    19 | D        | Reached skill level 5 in Earth Magic
   238 | D        | Noticed an iguana
   238 | D        | Noticed an iguana
   238 | D        | Noticed an ogre
   238 | D        | Noticed a jelly
   252 | D        | Killed an iguana
   253 | D        | Reached skill level 6 in Earth Magic
   253 | D        | Reached XP level 2. HP: 15/15 MP: 3/6
   253 | D        | Reached XP level 3. HP: 19/19 MP: 3/7
   258 | D        | Reached skill level 7 in Earth Magic
   260 | D        | Reached XP level 4. HP: 24/24 MP: 6/10
   261 | D        | Killed an ogre
   262 | D        | Reached skill level 5 in Spellcasting
   262 | D        | Reached skill level 1 in Transmutations
   262 | D        | Reached skill level 9 in Earth Magic
   262 | D        | Reached XP level 5. HP: 28/28 MP: 4/13
   266 | D        | Learned a level 2 spell: Passwall
   270 | D        | Learned a level 3 spell: Stone Arrow
   275 | D        | Learned a level 4 spell: Petrify
   289 | D        | Found a snail-covered altar of Cheibriados.
   289 | D        | Found a shadowy altar of Dithmenos.
   289 | D        | Found a white marble altar of Elyvilon.
   289 | D        | Found a blossoming altar of Fedhas.
   289 | D        | Found an opulent altar of Gozag.
   290 | D        | Found a hazy altar of Hepliaklqana.
   291 | D        | Found a viscous altar of Jiyva.
   292 | D        | Found an ancient bone altar of Kikubaaqudgha.
   293 | D        | Found a corrupted altar of Lugonu.
   294 | D        | Found a burning altar of Makhleb.
   295 | D        | Found a sparkling altar of Nemelex Xobeh.
   296 | D        | Found an iron altar of Okawaru.
   297 | D        | Found a stormy altar of Qazlal.
   298 | D        | Found a sacrificial altar of Ru.
   299 | D        | Found a shimmering blue altar of Sif Muna.
   300 | D        | Found a bloodstained altar of Trog.
   301 | D        | Found a hide-covered altar of Uskayaw.
   302 | D        | Found a radiant altar of Vehumet.
   303 | D        | Found an ornate altar of the Wu Jian Council.
   304 | D        | Found a shimmering altar of Xom.
   305 | D        | Found a basalt altar of Yredelemnul.
   306 | D        | Found a glowing silver altar of Zin.
   307 | D        | Found a glowing golden altar of the Shining One.
   310 | D        | Became a worshipper of Vehumet
   362 | D        | Noticed a wyvern
   362 | D        | Noticed a vampire
   362 | D        | Noticed a wyvern
   362 | D        | Noticed a vampire
   362 | D        | Noticed a kobold brigand
   364 | D        | Reached skill level 10 in Earth Magic
   366 | D        | Killed a wyvern
   367 | D        | Reached skill level 11 in Earth Magic
   367 | D        | Reached XP level 6. HP: 29/32 MP: 9/16
   421 | D        | Killed a vampire
   421 | D        | Reached * piety under Vehumet
   421 | D        | Offered knowledge of Shock by Vehumet.
   422 | D        | Reached skill level 12 in Earth Magic
   422 | D        | Reached XP level 7. HP: 36/36 MP: 1/19
   761 | D        | Killed a wyvern
   762 | D        | Reached skill level 1 in Conjurations
   762 | D        | Reached skill level 13 in Earth Magic
   766 | D        | Slain by a vampire

Illustrated notes

Levels and vault maps discovered:
D:        linesprint [early_d, line_temple, items_1, d_10, items_2, lair_1,
          lair_end, items_3, orc_1, orc_end, items_4, d_15, swamp_1, shoals_1,
          snake_1, spider_1, d_20, vaults_1, items_5, swamp_end, shoals_end,
          snake_end, spider_end, vaults_end, d_27, items_6, zot_1, zot_end,
          crypt_end, forest_end, elf_end, slime_end, tomb_end, abyss_end,
          pan_hell_end]

Skill      XL: |  1  2  3  4  5  6  7 |
---------------+----------------------+-----
Earth Magic    | 6 7 9 11 12 13 | 13.3
Dodging        | 2 3 4 |  4.1
Spellcasting   | 3 4 5 7 8 9 |  9.3
Stealth        | 3 4 |  4.5
Transmutations | 1 |  1.1
Conjurations   | 1 |  1.5
Fighting       | |  0.4

Action                   |  1- 3 |  4- 6 |  7- 9 || total
-------------------------+-------+-------+-------++-------
 Cast: Sandblast         |    16 |     9 |     1 ||    26
       Stone Arrow       |       |     5 |     6 ||    11
  Use: Potion            |     4 |     2 |     1 ||     7
       Scroll            |       |     1 |       ||     1
Armor: Robe              |     3 |     2 |     3 ||     8
Dodge: Dodged            |    12 |     7 |     2 ||    21

Table legend: (Time is in decaauts)
 A = Elapsed time spent in this place.
 B = Non-inter-level travel time spent in this place.
 C = Inter-level travel time spent in this place.
 D = Time resting spent in this place.
 E = Time spent auto-exploring this place.
 F = Levels seen in this place.
 G = Mean time per level.
                   A        B        C        D        E       F      G
               +--------+--------+--------+--------+--------+-----+--------+
         Total |    761 |    761 |      0 |    538 |     25 |   1 |  761.0 |
       Dungeon |    761 |    761 |      0 |    538 |     25 |   1 |  761.0 |
               +--------+--------+--------+--------+--------+-----+--------+

Top non-repeatable levels by time:
       D: 761 daAuts
